 Seeded DCSS version 0.30-a0-1160-g6e42c06551 (webtiles) character file.

Game seed: 7516547612963194402 (custom seed)

650155 Esekla the Sorcerer (level 27, -53/213 HPs)
             Began as a Demonspawn Necromancer on Apr 24, 2023.
             Was the Champion of Vehumet.
             Killed from afar by an orb of fire (64 damage)
             ... with a bolt of fire
             ... on level 4 of the Realm of Zot on Apr 26, 2023.
             The game lasted 11:45:37 (84332 turns).

Esekla the Sorcerer (Demonspawn Necromancer)       Turns: 84332, Time: 11:45:38

Health: -53/213    AC: 43    Str:  9 (10) XL:     27
Magic:  0/50       EV: 13    Int: 32      God:    Vehumet [******]
Gold:   128        SH: 15    Dex: 25 (26) Spells: 4/73 levels left

rFire   . . .        a - +10 falchion of Gifop {venom, rPois Str+3 Dex+2}
rCold   . . .        j - +0 kite shield
rNeg    . . .        A - +9 chain mail of Lugonu's Whim {Int+4}
rPois   +            Q - +2 helmet {Int+3}
rElec   .            (cloak unavailable)
rCorr   .            Z - +2 pair of gloves {hurl}
SInv    .            H - +3 pair of seven-league boots {Rampage+∞}
Will    ++...        W - amulet "Ixkein" {Spirit rPois Str-3 Dex+6 Slay+5}
Stlth   +            F - +4 ring of protection
HPRegen 4.55/turn    y - +4 ring of protection
MPRegen 0.32/turn

%: repel missiles, guardian spirit, rampage+∞
@: slightly contaminated, studying Throwing
A: repulsion field 3, icemail 2, powered by death 3, condensation shield,
corrupting presence 2, word of chaos, weakness stinger 3, agile 1, dopey 1,
screaming 1, shaggy fur 1
}: 4/15 runes: barnacled, slimy, silver, gossamer
a: Word of Chaos, Renounce Religion


You were on level 4 of the Realm of Zot.
You worshipped Vehumet.
Vehumet was exalted by your worship.
You visited 12 branches of the dungeon, and saw 55 of its levels.
You visited the Abyss 1 time.
You also visited: Trove, Ossuary and Bailey.

You collected 12144 gold pieces.
You spent 12016 gold pieces at shops.

Inventory:

Hand Weapons
 a - the +10 falchion of Gifop (weapon) {venom, rPois Str+3 Dex+2}
   (You found it on level 2 of the Realm of Zot)

   Str:       It affects your strength (+3).
   Dex:       It affects your dexterity (+2).
   rPois:     It protects you from poison.
 c - the +6 scimitar "Transmigrator" {elec, MP+9 Int+3}
   (You found it on level 5 of the Pits of Slime)

   Int:       It affects your intelligence (+3).
   MP:        It affects your magic capacity (+9).
 f - a +3 scimitar of flaming
 i - a +6 dagger of venom
 k - a +9 vampiric scimitar
 r - the +9 trident "Wusel" {heavy, rF+ Int+4 Dex+2}
   (You found it on level 1 of the Shoals)

   Int:       It affects your intelligence (+4).
   Dex:       It affects your dexterity (+2).
   rF:        It protects you from fire.
 s - the +10 rapier "Bantaost" {protect, Fly Will+ Int+2}
   (You found it on level 5 of the Dungeon)

   Int:       It affects your intelligence (+2).
   Fly:       It grants you flight.
   Will:      It increases your willpower.
Missiles
 e - 64 poisoned darts
 p - 26 boomerangs (quivered)
 J - 21 curare-tipped darts
 T - 9 silver javelins
Armour
 j - a +0 kite shield (worn)
 t - the +12 gold dragon scales of Impatience {Fly rPois rF+ rC+ Will- Dex+2}
   (You bought it in a shop on level 7 of the Dungeon)

   Dex:       It affects your dexterity (+2).
   rF:        It protects you from fire.
   rC:        It protects you from cold.
   rPois:     It protects you from poison.
   Fly:       It grants you flight.
   Will:      It decreases your willpower.
 A - the +9 chain mail of Lugonu's Whim (worn) {Int+4}
   (You found it on level 5 of the Vaults)

   Int:       It affects your intelligence (+4).
 H - the +3 pair of seven-league boots (worn) {Rampage+∞}
   (You found it on level 12 of the Dungeon)

   Rampage+∞: When moving toward enemies, its wearer moves as far as possible.
 Q - a +2 helmet of intelligence (worn)
 Z - a +2 pair of gloves of hurling (worn)
Magical Staves
 d - the staff of death "Viter" {rF+ rC+++ rN+ Will++ Dex-4}
   (You found it in a bailey)

   [staff of death]

   Base accuracy: +5 Base damage: 5 Base attack delay: 1.2 This weapon's minimum
   attack delay (0.6) is reached at skill level 12.
   Dex:       It affects your dexterity (-4).
   rF:        It protects you from fire.
   rC:        It renders you almost immune to cold.
   rN:        It protects you from negative energy.
   Will:      It greatly increases your willpower.
   It falls into the 'Staves' category.
   It is a one-handed weapon.
Jewellery
 m - the ring "Xaoxat" {rF+ SInv}
   (You found it on level 2 of the Spider Nest)

   [ring of see invisible]

   rF:        It protects you from fire.
   SInv:      It lets you see invisible.
 y - a +4 ring of protection (right hand)
 D - a ring of resist corrosion
 F - a +4 ring of protection (left hand)
 K - a ring of wizardry
 V - an amulet of magic regeneration
 W - the amulet "Ixkein" (around neck) {Spirit rPois Str-3 Dex+6 Slay+5}
   (You took it off a deep elf high priest on level 3 of the Elven Halls)

   [amulet of guardian spirit]

   It causes incoming damage to be divided between your reserves of health and
   magic.
   Str:       It affects your strength (-3).
   Dex:       It affects your dexterity (+6).
   Slay:      It affects your accuracy & damage with ranged weapons and melee
   (+5).
   rPois:     It protects you from poison.
 Y - a ring of protection from cold
Wands
 b - a wand of digging (20)
 g - a wand of quicksilver (48)
 q - a wand of flame (195)
 M - a wand of mindburst (18)
 U - a wand of iceblast (75)
Scrolls
 h - 2 scrolls of silence
 l - 21 scrolls of teleportation
 n - 5 scrolls of enchant armour
 o - 3 scrolls of blinking
 v - 7 scrolls of poison
 x - 7 scrolls of magic mapping
 G - 4 scrolls of fog
 X - 6 scrolls of fear
Potions
 u - 8 potions of haste
 w - 14 potions of attraction
 z - 9 potions of might
 B - 14 potions of ambrosia
 C - 16 potions of brilliance
 E - 3 potions of cancellation
 I - a potion of magic
 L - 19 potions of curing
 N - 2 potions of resistance
 O - 15 potions of flight
 R - 5 potions of invisibility
Miscellaneous
 S - a lightning rod (4/4)


   Skills:
 + Level 16.9 Fighting
 + Level 12.5(14.9) Short Blades
 + Level 13.3(15.3) Long Blades
 + Level 8.7 Throwing
 + Level 14.5 Armour
 + Level 11.2 Dodging
 + Level 5.5 Stealth
 + Level 13.5 Shields
 * Level 23.6 Spellcasting
 + Level 10.0 Conjurations
 + Level 0.2 Summonings
 * Level 13.7 Necromancy
 * Level 3.3 Translocations
 + Level 8.7 Transmutations
 + Level 9.6 Fire Magic
 + Level 15.7 Ice Magic
 + Level 15.7 Air Magic
 * Level 8.5 Earth Magic
 - Level 10.0 Poison Magic


You had 4 spell levels left.
You knew the following spells:

 Your Spells              Type           Power      Damage    Failure   Level
a - Ozocubu's Armour      Ice            95%        N/A       1%          3
b - Blink                 Tloc           100%       N/A       13%         2
c - Mephitic Cloud        Conj/Pois/Air  85%        N/A       1%          3
d - Vampiric Draining     Necr           90%        2d12      1%          3
e - Statue Form           Tmut/Erth      50%        N/A       82%         6
g - Ozocubu's Refrigerat  Ice            47%        4d18      12%         7
h - Vhi's Electric Charg  Tloc/Air       100%       N/A       1%          3
i - Irradiate             Conj/Tmut      39%        3d24      5%          5
k - Airstrike             Air            47%        2d(7-23)  1%          4
m - Maxwell's Capacitive  Air            47%        ∞         61%         8
n - Ignite Poison         Fire/Tmut/Pois 78%        N/A       1%          3
p - Apportation           Tloc           100%       N/A       9%          1
r - Frozen Ramparts       Ice            100%       1d16      1%          3
s - Summon Lightning Spi  Summ/Air       73%        N/A       12%         4
u - Dispel Undead         Necr           90%        3d29      1%          4
v - Poisonous Vapours     Pois/Air       100%       N/A       1%          2
x - Olgreb's Toxic Radia  Pois           80%        N/A       1%          4
y - Sticky Flame          Conj/Fire      79%        2d9       1%          4

Your spell library contained the following spells:

 Spells                   Type           Power      Damage    Failure   Level
 Polar Vortex             Ice            47%        N/A       100%        9
 Foxfire                  Conj/Fire      100%       2x1d9     1%          1
 Kiss of Death            Conj/Necr      100%       2d13      1%          1
 Magic Dart               Conj           100%       1d8       1%          1
 Necrotise                Necr           100%       1d9       1%          1
 Sandblast                Erth           100%       2d20      1%          1
 Shock                    Conj/Air       100%       1d9       1%          1
 Cigotuvi's Dreadful Rot  Necr/Pois/Air  100%       N/A       1%          2
 Momentum Strike          Conj/Tloc      100%       3d10      1%          2
 Passwall                 Tmut/Erth      62%        N/A       1%          2
 Scorch                   Fire           100%       2d9       1%          2
 Static Discharge         Conj/Air       100%       2-7/arc   1%          2
 Sublimation of Blood     Necr           90%        N/A       1%          2
 Hailstorm                Conj/Ice       88%        3d18      1%          3
 Stone Arrow              Conj/Erth      100%       3d13      1%          3
 Volatile Blastmotes      Fire/Tloc      100%       2d18      1%          3
 Animate Dead             Necr           90%        N/A       1%          4
 Flame Wave               Conj/Fire      79%        2d17      1%          4
 Ice Form                 Ice/Tmut       86%        N/A       2%          4
 Dazzling Flash           Conj/Hex       100%       N/A       3%          3
 Inner Flame              Hex/Fire       62%        N/A       4%          3
 Iskenderun's Mystic Bla  Conj/Tloc      69%        2d14      5%          4
 Petrify                  Tmut/Erth      75%        N/A       10%         4
 Lesser Beckoning         Tloc           100%       N/A       13%         2
 Anguish                  Hex/Necr       34%        N/A       19%         4
 Gell's Gravitas          Tloc           56%        N/A       26%         3
 Teleport Other           Tloc           56%        N/A       26%         3
 Summon Small Mammal      Summ           100%       N/A       30%         1
 Slow                     Hex            100%       N/A       32%         1
 Call Imp                 Summ           78%        N/A       41%         2
 Portal Projectile        Hex/Tloc       96%        N/A       45%         3
 Animate Armour           Summ/Erth      100%       N/A       47%         4
 Leda's Liquefaction      Hex/Erth       30%        N/A       50%         4
 Call Canine Familiar     Summ           39%        N/A       65%         3
 Summon Guardian Golem    Hex/Summ       38%        N/A       67%         3
 Confusing Touch          Hex            37%        N/A       69%         3
 Tukima's Dance           Hex            37%        N/A       69%         3
 Cause Fear               Hex            18%        N/A       97%         4
 Arcjolt                  Conj/Air       44%        1d54      1%          5
 Agony                    Necr           90%        N/A       3%          5
 Fireball                 Conj/Fire      39%        3d16      4%          5
 Iskenderun's Battlesphe  Conj           80%        2d13      4%          5
 Lee's Rapid Deconstruct  Erth           37%        3d19*     7%          5
 Conjure Ball Lightning   Conj/Air       44%        3x3d15    7%          6
 Plasma Beam              Fire/Air       43%        2x1d63    8%          6
 Borgnjor's Vile Clutch   Necr/Erth      41%        N/A       10%         5
 Simulacrum               Ice/Necr       46%        N/A       12%         6
 Alistair's Intoxication  Tmut/Pois      52%        N/A       19%         5
 Death Channel            Necr           45%        N/A       19%         6
 Starburst                Conj/Fire      39%        6d11      22%         6
 Blade Hands              Tmut           38%        N/A       26%         5
 Iron Shot                Conj/Erth      39%        9d8       28%         6
 Spellforged Servitor     Conj/Summ      31%        N/A       99%         7
 Summon Cactus Giant      Summ           19%        N/A       100%        6
 Dragon Form              Tmut           38%        N/A       100%        7
 Enfeeble                 Hex            18%        N/A       100%        7
 Haunt                    Necr/Summ      35%        N/A       100%        7
 Borgnjor's Revivificati  Necr           45%        N/A       100%        8
 Discord                  Hex            18%        N/A       100%        8
 Disjunction              Tloc           28%        N/A       100%        8
 Ignition                 Fire           39%        3d12      100%        8
 Infestation              Necr           45%        N/A       100%        8
 Lehudib's Crystal Spear  Conj/Erth      39%        10d10     100%        8
 Necromutation            Tmut/Necr      41%        N/A       100%        8
 Chain Lightning          Conj/Air       44%        3d58      100%        9
 Death's Door             Necr           45%        N/A       100%        9
 Fire Storm               Conj/Fire      39%        8d10      100%        9
 Shatter                  Erth           37%        3d30*     100%        9


Dungeon Overview and Level Annotations

Branches:
Dungeon (15/15)            Temple (0/1) D:7            Lair (5/5) D:8
 Shoals (4/4) Lair:2       Spider (4/4) Lair:2        Slime (5/5) Lair:5
    Orc (2/2) D:11            Elf (3/3) Orc:2        Vaults (5/5) D:14
  Crypt (3/3) Vaults:2       Tomb (0/3) Crypt:3      Depths (4/4) D:15
   Hell (visited)             Dis (0/7) Hell            Geh (0/7) Hell
    Coc (0/7) Hell            Tar (0/7) Hell            Zot (4/5) Depths:4
Ossuary (visited)          Bailey (visited)

Altars:
Ashenzari
Fedhas
Gozag
Hepliaklqana
Kikubaaqudgha
Makhleb
Nemelex Xobeh
Sif Muna
Trog
Uskayaw
Vehumet
Yredelemnul
Jiyva

Shops:
D:7 [   D:14 *   Orc:2 ?:[!   Elf:1 ?   Elf:2 (   Elf:3 (   Vaults:1 [
Vaults:2 (   Vaults:3 [   Vaults:5 !!!

Portals:
Hell: Depths:1 Depths:2 Depths:3 Depths:4
Abyss: Depths:1 Depths:3
Pandemonium: Depths:1 Depths:2 Depths:4
Ziggurat: Depths:4

Annotations:
Lair:5 2 runed translucent doors, exclusion: obsidian statue, Lobster4's ghost, journeyman DEEE


Innate Abilities, Weirdness & Mutations

You are surrounded by a strong repulsion field. (EV +4, RMsl)
A meltable icy envelope protects you from harm. (AC +0)
You regenerate a lot of health from kills.
A meltable shield of frost defends you. (SH +0)
Your presence sometimes corrodes or deforms those you injure.
You can speak a Word of Chaos.
You have a sharp stinger which inflicts weakening toxins.
You are agile. (Dex +4, Str/Int -1)
You are dopey. (Int -2)
You occasionally shout uncontrollably at your foes.
You are covered in fur. (AC +1)


Message History

You slash the orb of fire!
Your tail-slap misses the orb of fire.
The orb of fire is moderately damaged.
The orb of fire resists.
The wall freezes the orb of fire.
The orb of fire emits a lurid red light.
The fireball explodes!
The fireball engulfs you!!!!
Your icy armour melts away.
The fireball engulfs the orb of fire.
The orb of fire completely resists.
The fireball engulfs the red draconian!!!
The red draconian resists.
The red draconian roars!
You slash the orb of fire!
Your tail-slap misses the orb of fire.
The orb of fire is heavily damaged.
The wall freezes the orb of fire but does no damage.
The orb of fire glows deep purple.
The fireball explodes!
The fireball engulfs you!!!!
* * * LOW HITPOINT WARNING * * *
The fireball engulfs the orb of fire.
The orb of fire completely resists.
The fireball engulfs the red draconian!!!
The red draconian resists.
The red draconian dies!
Casting: Irradiate (mildly dangerous; 5% risk of failure)
Confirm with . or Enter, or press ? or * to list all spells.
You erupt in a fountain of uncontrolled magic!
The orb of fire is blasted with magical radiation!
The orb of fire is heavily damaged.
You are lightly contaminated with residual magic.
The wall freezes the orb of fire but does no damage. x2
Magic courses through your body.
The orb of fire resists.
The wall freezes the orb of fire.
You slash the orb of fire!
Your tail-slap misses the orb of fire.
The orb of fire is severely damaged.
The frozen ramparts melt away.
You miss the orb of fire. You tail-slap the orb of fire.
The orb of fire is severely damaged.
The orb of fire emits a lurid red light.
The bolt of fire hits you!!!!
* * * LOW HITPOINT WARNING * * *
The orb of fire glows red.
The bolt of fire hits you!!!
You die...

####### #.....# #.....#
###
#############....)###...#
......°....)....@*.......
..###############)..#...
.. ..# #...# . ###. ###
#..<# ≈≈.. #...# ..≈≈
#...# ≈.. #...# .≈≈ #####
## .# ###.


You could see an orb of fire.

Vanquished Creatures
  Dissolution (Slime:2)
  the Royal Jelly (Slime:5)
  A dread lich (Vaults:4)
  An ancient lich (Vaults:4)
  An orb of fire (Zot:3)
  A shard shrike (Zot:4)
  2 caustic shrikes (Depths:2)
  The ghost of Hali the Executioner, a veteran FoFi of Dithmenos (Crypt:3)
  5 curse toes (Zot:2)
  Geryon (Hell)
  Jory (Crypt:3)
  6 golden dragons
  2 bone dragons
  2 doom hounds (Zot:3)
  2 Tzitzimimeh
  A hellephant (Depths:1)
  15 tentacled monstrosities
  3 electric golems
  8 titans
  4 liches
  A tainted leviathan (Hell)
  Zenata (Elf:3)
  Grunn (Zot:3)
  The ghost of Qobluxtent the Unseen, an adept GnDe of Gozag (Shoals:1)
  5 quicksilver dragons
  23 acid blobs
  2 deep elf blademasters
  2 deep elf master archers (Elf:3)
  A tentacled starspawn (Abyss:4)
  A walking divine tome (Depths:2)
  6 sphinxes
  4 death cobs
  3 ancient champions
  A kraken (Shoals:3)
  Frances (D:13)
  4 revenants
  7 shadow dragons
  Roxanne (Elf:3)
  7 draconian monks
  The ghost of Newt the Champion of Chaos, an adept DsGl of Makhleb (Spider:2)
  The ghost of Cyetsa the Severer, an adept FoFi of Okawaru (D:15)
  The ghost of Ahpoh the Tortoise, an adept GrGl of Wu Jian (Elf:2)
  12 rockslimes
  12 storm dragons
  8 azure jellies
  2 draconian knights (Zot:2)
  8 tengu reavers
  12 fire giants
  18 vault wardens
  8 emperor scorpions
  4 deep elf sorcerers
  4 iron dragons
  9 draconian shifters
  6 ghost moths
  3 balrugs
  5 deep elf elementalists (Elf:3)
  A juggernaut zombie (Crypt:3)
  3 orc warlords
  7 ghouls (Crypt:3)
  6 draconian scorchers
  10 frost giants
  3 spriggan defenders
  21 ironbound preservers
  2 draconian stormcallers
  16 quicksilver oozes
  19 very ugly things
  5 reapers
  4 cacodemons
  4 broodmothers (Spider:2)
  5 war gargoyles
  2 draconian annihilators
  7 ironbound thunderhulks
  18 stone giants
  A lorocyproca (Hell)
  13 vampire knights
  5 deep elf demonologists
  11 green draconians
  5 putrid mouths
  8 red draconians
  8 white draconians
  23 dire elephants
  9 black draconians
  10 purple draconians
  11 deep elf annihilators
  10 yellow draconians
  6 merfolk impalers
  7 deep elf death magi
  3 eidola
  4 blizzard demons
  A green death (Depths:1)
  2 crystal guardians
  An entropy weaver (shapeshifter) (D:10)
  9 ettins
  19 great orbs of eyes
  3 merfolk javelineers (Shoals:4)
  10 fire dragons
  6 entropy weavers
  17 yaktaur captains
  20 jiangshi
  6 deep elf high priests
  A quicksilver dragon skeleton (Crypt:2)
  7 rakshasas
  13 ice dragons
  A spriggan zombie (Crypt:3)
  9 hydras
  40 vault guards
  6 ogre magi
  2 merfolk avatars
  3 peacekeepers
  12 boulder beetles
  10 ironbound frosthearts
  15 centaur warriors
  2 radroaches
  A jorogumo (Spider:1)
  3 spriggan air magi (Depths:3)
  6 death yaks
  26 dancing weapons
  The ghost of Nol Upoh the Fighter, a journeyman GrFi of the Shining One (D:15)
  2 merfolk aquamancers (Shoals:4)
  An anaconda (shapeshifter) (Vaults:5)
  11 deep troll earth magi
  5 satyrs
  11 vampire magi
  20 two-headed ogres
  4 deep troll shamans
  8 tengu warriors
  The ghost of retardedninja the Magician, a novice GnFE of Cheibriados (D:9)
  20 hell knights
  3 spectral storm dragons (Crypt:3)
  4 hell hogs (Abyss:4)
  9 spriggan berserkers
  2 thrashing horrors
  21 deep elf knights
  13 sun demons
  5 soul eaters
  4 spriggans
  4 skysharks
  2 spectral death yaks (Lair:5)
  Amaemon (Lair:1)
  Sonja (D:10)
  4 sixfirhies
  2 wretched stars
  7 iron trolls
  4 pharaoh ants
  2 anaconda zombies (Hell)
  2 storm dragon skeletons (Hell)
  A salamander mystic (Depths:2)
  41 skeletal warriors
  A sun moth (Spider:4)
  A bunyip zombie (Crypt:3)
  4 shadow wraiths
  A spectral anaconda (Lair:5)
  67 deep trolls
  15 orb spiders
  7 sea snakes
  6 flayed ghosts
  A glowing orange brain (shapeshifter) (Vaults:2)
  A death drake (shapeshifter) (D:10)
  6 glowing orange brains
  11 lindwurms
  6 wizards
  9 steelbarb worms
  A golden dragon skeleton (Crypt:2)
  A lindwurm (shapeshifter) (Spider:1)
  32 deep elf pyromancers
  Pikel (D:5)
  16 deep elf archers
  A goliath frog zombie (Crypt:1)
  17 harpies
  15 necromancers
  2 orc sorcerers
  24 ironbound convokers
  31 phantasmal warriors
  18 deep elf zephyrmancers
  15 wolf spiders
  12 orc knights
  30 ugly things
  A spectral ice dragon (Crypt:3)
  17 fauns
  5 shining eyes
  6 salamanders
  9 cyclopes
  2 spectral fire dragons (Crypt:3)
  2 dire elephant zombies
  18 manticores
  A moth of wrath (shapeshifter) (Vaults:4)
  27 moths of wrath
  A fire giant skeleton (Vaults:4)
  2 worldbinders
  Joseph (D:7)
  9 apocalypse crabs (Zot:2)
  6 black mambas
  2 oklob plants (Lair:3)
  2 water nymphs
  Maurice (D:10)
  7 merfolk sirens
  5 eyes of devastation
  4 centaur zombies
  6 demonic crawlers
  A guardian serpent (D:12)
  9 rust devils
  A stone giant skeleton (Crypt:2)
  21 vault sentinels
  29 elephants
  3 torpor snails
  A black mamba (shapeshifter) (D:12)
  Maggie (Lair:1)
  6 molten gargoyles
  An ice statue (Hell)
  5 orange demons
  A cane toad (shapeshifter) (Vaults:5)
  A water nymph (shapeshifter) (D:15)
  7 smoke demons
  3 alligator snapping turtle zombies
  2 efreet
  2 yaktaur zombies
  A centaur skeleton (Hell)
  26 yaktaurs
  A hellion (Depths:1)
  3 unseen horrors
  15 komodo dragons
  11 cane toads
  An elf skeleton (Vaults:2)
  3 rime drakes
  A sea snake zombie (Crypt:2)
  A kobold demonologist (D:10)
  An anaconda simulacrum (Hell)
  A mana viper zombie (Crypt:3)
  4 guardian mummies (Crypt:3)
  A tormentor (Zot:2)
  5 freezing wraiths
  A red draconian skeleton (Crypt:3)
  5 tengu conjurers
  A purple draconian skeleton (Crypt:3)
  A sea snake skeleton (Crypt:2)
  3 red devils
  3 harpy zombies
  9 meliai
  2 polar bears (Lair:4)
  A yellow draconian skeleton (Crypt:2)
  23 merfolk
  3 hydra zombies (Hell)
  A queen bee (D:12)
  17 trolls
  A hornet (shapeshifter) (D:15)
  A hellwing (Depths:1)
  4 hornets
  2 hydra skeletons (Hell)
  20 blink frogs
  13 wind drakes
  A harpy skeleton (Crypt:2)
  2 dream sheep (Shoals:4)
  An alligator zombie (Hell)
  An ice dragon zombie (Crypt:3)
  8 raiju
  9 snapping turtles
  23 tarantellas
  An ettin zombie (Crypt:3)
  32 jumping spiders
  A human simulacrum (Vaults:2)
  21 culicivoras
  72 slime creatures
  A centaur simulacrum (D:15)
  An ettin skeleton (Vaults:2)
  2 shadows
  3 air elementals
  24 flying skulls
  11 water elementals
  A ynoxinul (Depths:2)
  13 wraiths
  5 wyverns
  A fire elemental (Elf:3)
  A dire elephant simulacrum (Lair:5)
  5 starcursed masses (Abyss:4)
  48 yaks
  17 golden eyes
  2 small abominations
  8 basilisks
  57 redbacks
  7 steam dragons
  3 vampire mosquitoes
  A warg (Orc:1)
  2 chaos spawn
  A naga zombie (Crypt:3)
  3 neqoxecs
  Edmund (D:4)
  4 hell hounds
  A swamp worm (shapeshifter) (D:10)
  2 fire bat zombies
  A spectral cane toad (Lair:5)
  9 large abominations
  An acid dragon (D:10)
  A fire bat skeleton (Crypt:3)
  A water moccasin (shapeshifter) (Vaults:5)
  16 water moccasins
  2 floating eyes
  2 sky beasts
  2 ice beasts
  26 orc warriors
  A black bear (shapeshifter) (Depths:3)
  2 black bears
  2 elephant zombies (Lair:5)
  A hog zombie (Crypt:1)
  5 wolves (Lair:5)
  27 ogres
  6 boggarts
  An elephant skeleton (Lair:5)
  9 centaurs
  A phantom (D:5)
  4 kobold brigands
  5 elf zombies
  A vine stalker zombie (Crypt:2)
  Blork the orc (D:4)
  9 bullfrogs
  2 scorpions (D:6)
  4 gnoll sergeants
  2 earth elementals
  2 necrophages (Crypt:3)
  8 wights
  35 killer bees
  2 yak zombies (Crypt:1)
  3 elephant simulacra (Lair:5)
  7 electric eels
  A crimson imp (Abyss:3)
  7 howler monkeys
  5 jellies
  4 lava snakes (D:15)
  8 human zombies
  14 orc priests
  5 hounds
  3 sleepcaps
  6 human skeletons
  9 iguanas
  Terence (D:2)
  23 orc wizards
  11 hell rats
  A deep dwarf zombie (Crypt:3)
  An ogre zombie (Crypt:3)
  A naga skeleton (Crypt:3)
  A tengu skeleton (Crypt:1)
  A hound zombie (Crypt:3)
  2 mummies (Ossuary)
  16 gnolls
  A howler monkey zombie (Crypt:3)
  A river rat (D:8)
  7 adders
  3 white imps
  2 ufetubi
  3 worms
  4 dart slugs
  57 orcs
  8 ball pythons
  5 bats
  4 endoplasms
  4 giant cockroaches
  7 goblins
  11 hobgoblins
  A quokka (D:3)
  A frilled lizard (D:1)
  3 goblin zombies (Ossuary)
  13 hobgoblin zombies (Ossuary)
  A jackal zombie (Ossuary)
  14 kobolds
  6 kobold zombies (Ossuary)
  11 orc zombies
  6 rats
  A rat zombie (Ossuary)
2637 creatures vanquished.

Vanquished Creatures (others)
  A titan (Vaults:5)
  A storm dragon (Depths:4)
  A red draconian (Zot:4)
  A deep elf death mage (Elf:3)
  A pharaoh ant (Spider:4)
  A deep elf archer (Elf:2)
  A hell hound (Hell)
  An ogre (Vaults:5)
  A bullfrog (D:8)
  A hell rat (Hell)
  48 fungi
  274 plants
  2 starspawn tentacles (Abyss:4)
  4 tentacles (Shoals:3)
  29 withered plants (Lair:5)
367 creatures vanquished.

Grand Total: 3004 creatures vanquished

Notes
Turn   | Place    | Note
-------+----------+-------------------------------------------
     0 | D:1      | Esekla the Demonspawn Necromancer began the quest for the
                  | Orb.
     0 | D:1      | Reached XP level 1. HP: 13/13 MP: 3/3
   233 | D:1      | Gained mutation: A meltable shield of frost defends you.
                  | (SH +0) [demonic ancestry]
   233 | D:1      | Reached XP level 2. HP: 15/20 MP: 5/5
   746 | D:1      | Reached XP level 3. HP: 24/25 MP: 6/6
   750 | D:1      | Learned a level 3 spell: Vampiric Draining
   990 | D:2      | Reached skill level 1 in Armour
  1254 | D:2      | Reached skill level 1 in Fighting
  1420 | D:2      | Noticed Terence
  1486 | D:3      | Gained mutation: You have a small tail. [demonic ancestry]
  1486 | D:3      | Reached XP level 4. HP: 30/32 MP: 0/7
  1978 | D:2      | Killed Terence
  2189 | D:3      | Reached skill level 5 in Necromancy
  2189 | D:3      | Gained mutation: You have a tail ending in a sharp stinger.
                  | [demonic ancestry]
  2189 | D:3      | Reached XP level 5. HP: 25/37 MP: 9/9
  2524 | D:4      | Reached skill level 1 in Conjurations
  2548 | D:4      | Reached skill level 1 in Shields
  2955 | D:4      | Noticed Edmund
  3085 | D:4      | Killed Edmund
  3086 | D:4      | Reached skill level 1 in Short Blades
  3086 | D:4      | Reached skill level 3 in Spellcasting
  3086 | D:4      | Gained mutation: You are surrounded by a mild repulsion
                  | field. (EV +2) [demonic ancestry]
  3086 | D:4      | Reached XP level 6. HP: 41/44 MP: 2/10
  3304 | D:5      | Entered Level 5 of the Dungeon
  3304 | D:5      | Noticed Blork the orc
  3304 | D:5      | Noticed Pikel
  3309 | D:4      | Killed Blork the orc
  3310 | D:4      | Reached skill level 1 in Fire Magic
  3418 | D:5      | Noticed an ice beast
  3524 | D:4      | Gained mutation: You regenerate a little health from kills.
                  | [demonic ancestry]
  3524 | D:4      | Reached XP level 7. HP: 11/50 MP: 4/12
  3750 | D:5      | Killed Pikel
  3751 | D:5      | Reached skill level 1 in Throwing
  3751 | D:5      | Reached skill level 4 in Spellcasting
  3751 | D:5      | Reached XP level 8. HP: 28/57 MP: 0/14
  3860 | D:5      | Found a hide-covered altar of Uskayaw.
  3934 | D:5      | Found a sparkling altar of Nemelex Xobeh.
  3936 | D:5      | Found a burning altar of Makhleb.
  3937 | D:5      | Found a radiant altar of Vehumet.
  3937 | D:5      | Found a blossoming altar of Fedhas.
  3945 | D:5      | Identified the +10 rapier "Bantaost" {protect, Fly Will+
                  | Int+2}
  3976 | D:5      | Became a worshipper of Vehumet
  4044 | D:5      | Learned a level 4 spell: Sticky Flame
  4721 | D:6      | Gained mutation: You have a sharp stinger which inflicts
                  | weakening toxins. [demonic ancestry]
  4721 | D:6      | Reached XP level 9. HP: 64/64 MP: 16/16
  4750 | D:6      | Reached * piety under Vehumet
  4750 | D:6      | Offered knowledge of Freeze by Vehumet.
  4977 | D:6      | Found a sand-covered staircase.
  5030 | Ossuary  | Entered an ossuary
  5170 | Ossuary  | Offered knowledge of Poisonous Vapours by Vehumet.
  5176 | Ossuary  | Learned a level 2 spell: Poisonous Vapours
  5182 | Ossuary  | Reached ** piety under Vehumet
  5497 | D:6      | Reached skill level 5 in Spellcasting
  5635 | D:7      | Found a staircase to the Ecumenical Temple.
  5723 | D:7      | Noticed a troll
  5724 | D:7      | Noticed Joseph
  5752 | D:7      | Killed a troll
  6021 | D:7      | Found Vief's Antique Armour Emporium.
  6093 | D:7      | Learned a level 4 spell: Dispel Undead
  6247 | D:7      | Noticed a purple ugly thing
  6320 | D:7      | Killed a purple ugly thing
  6543 | D:7      | Noticed a two-headed ogre
  6571 | D:7      | Killed a two-headed ogre
  6572 | D:7      | Reached skill level 5 in Short Blades
  6572 | D:7      | Reached XP level 10. HP: 55/73 MP: 9/18
  6583 | D:7      | Killed Joseph
  6867 | D:8      | Found Huiqytto's Self-Improvement Boutique.
  6879 | D:8      | Noticed a death yak
  6987 | D:8      | Noticed a death yak
  6987 | D:8      | Noticed a death yak
  7022 | D:7      | Killed a death yak
  7023 | D:7      | Reached skill level 6 in Spellcasting
  7029 | D:7      | Bought a runed helmet for 187 gold pieces
  7084 | D:7      | Killed a death yak
  7085 | D:7      | Reached skill level 5 in Conjurations
  7085 | D:7      | Reached skill level 1 in Poison Magic
  7227 | D:8      | Killed a death yak
  7228 | D:8      | Reached skill level 1 in Air Magic
  7345 | D:8      | Found a staircase to the Lair.
  7356 | D:8      | Offered knowledge of Stone Arrow by Vehumet.
  7548 | D:8      | Reached skill level 7 in Spellcasting
  7606 | D:8      | Reached *** piety under Vehumet
  7788 | Lair:1   | Entered Level 1 of the Lair of Beasts
  7851 | Lair:1   | Noticed a cane toad
  7876 | Lair:1   | Killed a cane toad
  7877 | Lair:1   | Reached XP level 11. HP: 78/78 MP: 16/21
  7893 | Lair:1   | Noticed Maggie
  7912 | Lair:1   | Killed Maggie
  8032 | Lair:1   | Reached skill level 5 in Fire Magic
  8040 | Lair:1   | Reached skill level 5 in Fighting
  8122 | Lair:1   | Offered knowledge of Hailstorm by Vehumet.
  8217 | Lair:1   | Reached skill level 5 in Armour
  8393 | Lair:1   | Noticed Amaemon
  8504 | Lair:1   | Learned a level 3 spell: Ignite Poison
  8711 | Lair:1   | Killed Amaemon
  9207 | Lair:2   | Found a staircase to the Shoals.
  9436 | Lair:2   | Reached skill level 5 in Shields
  9538 | Lair:2   | Found a hole to the Spider Nest.
  9546 | Lair:2   | Reached XP level 12. HP: 82/86 MP: 21/23
 10077 | Lair:3   | Noticed a six-headed hydra
 10202 | Lair:3   | Noticed a five-headed hydra
 10240 | Lair:3   | Reached **** piety under Vehumet
 10247 | Lair:3   | Reached skill level 8 in Spellcasting
 10269 | Lair:3   | Killed a five-headed hydra
 10269 | Lair:3   | Offered knowledge of Airstrike by Vehumet.
 10278 | Lair:3   | Learned a level 4 spell: Airstrike
 10626 | Lair:3   | Found a blossoming altar of Fedhas.
 10790 | Lair:3   | Killed a six-headed hydra
 11321 | Lair:4   | Noticed an eight-headed hydra
 11339 | Lair:4   | Killed an eight-headed hydra
 11340 | Lair:4   | Reached skill level 5 in Dodging
 11403 | Lair:4   | Identified the +10 hand axe of Teett {flame, Will+}
 11634 | Lair:4   | Reached skill level 9 in Spellcasting
 12026 | Lair:4   | Noticed a seven-headed hydra
 12037 | Lair:4   | Killed a seven-headed hydra
 12038 | Lair:4   | Gained mutation: You regenerate health from kills. [demonic
                  | ancestry]
 12038 | Lair:4   | Reached XP level 13. HP: 94/94 MP: 19/26
 12042 | Lair:4   | Reached ***** piety under Vehumet
 12057 | Lair:4   | Offered knowledge of Yara's Violent Unravelling by Vehumet.
 12267 | Lair:4   | Identified 4 scrolls of acquirement
 12274 | Lair:5   | Entered Level 5 of the Lair of Beasts
 12406 | Lair:5   | Found a large runed translucent door.
 12448 | Lair:5   | Found a large runed translucent door.
 12450 | Lair:5   | Noticed Lobster4's ghost (journeyman DEEE)
 12561 | Lair:5   | Found a staircase to the Slime Pits.
 12635 | Lair:5   | Noticed a dire elephant
 12635 | Lair:5   | Noticed a dire elephant
 12635 | Lair:5   | Noticed a dire elephant
 13547 | Lair:5   | Reached skill level 10 in Spellcasting
 14522 | Lair:5   | Killed a dire elephant
 14522 | Lair:5   | Offered knowledge of Spellforged Servitor by Vehumet.
 14523 | Lair:5   | Reached XP level 14. HP: 67/103 MP: 8/28
 14788 | Lair:5   | Reached skill level 10 in Necromancy
 15834 | D:9      | Found a runed translucent gate.
 15834 | D:9      | Found a runed translucent gate.
 15834 | D:9      | Found a viscous altar of Jiyva.
 15834 | D:9      | Found a runed translucent gate.
 15834 | D:9      | Noticed retardedninja's ghost (novice GnFE)
 16520 | D:10     | Entered Level 10 of the Dungeon
 16522 | D:10     | Noticed Maurice
 16522 | D:10     | Noticed Sonja
 16542 | D:10     | Killed Sonja
 16546 | D:10     | Killed Maurice
 16734 | D:10     | Found a flagged portal.
 16755 | Bailey   | Entered a bailey
 16768 | Bailey   | Offered knowledge of Irradiate by Vehumet.
 16775 | Bailey   | Learned a level 5 spell: Irradiate
 16855 | Bailey   | Reached skill level 11 in Spellcasting
 16904 | Bailey   | Found a large runed translucent door.
 16904 | Bailey   | Found a large runed translucent door.
 16953 | Bailey   | Identified the +0 robe of Negligence {rF+ Slay+3}
 16957 | Bailey   | Identified the staff of death "Viter" {rF+ rC+++ rN+ Will++
                  | Dex-4}
 17565 | D:10     | HP: 3/103 [poisoned by a death drake (dark miasma)]
 17565 | D:10     | HP: 1/103 [death drake (shapeshifter)/foul vapour (2)]
 17931 | D:10     | Found a shimmering blue altar of Sif Muna.
 18493 | D:10     | Found a hazy altar of Hepliaklqana.
 18932 | D:11     | Offered knowledge of Plasma Beam by Vehumet.
 18958 | D:11     | Learned a level 6 spell: Plasma Beam
 18962 | D:11     | Found a staircase to the Orcish Mines.
 19568 | D:12     | Found a portal to a secret trove of treasure.
 19718 | D:12     | Found the +3 pair of seven-league boots {Rampage+∞}
 19729 | D:12     | Reached skill level 1 in Transmutations
 19930 | D:12     | Reached XP level 15. HP: 81/110 MP: 24/30
 20287 | Orc:1    | Entered Level 1 of the Orcish Mines
 20583 | Orc:1    | Offered knowledge of Iron Shot by Vehumet.
 20596 | Orc:2    | Entered Level 2 of the Orcish Mines
 20896 | Orc:2    | Reached skill level 12 in Spellcasting
 20910 | Orc:2    | Found a staircase to the Elven Halls.
 20916 | Orc:2    | Found Poowk's Distillery.
 20918 | Orc:2    | Found Kexilyr's Armour Shoppe.
 20953 | Orc:2    | Found Wylap's Book Boutique.
 20961 | Orc:2    | Found Qeanicryn's Magic Scroll Boutique.
 20981 | Orc:2    | Bought a scroll of identify for 30 gold pieces
 20981 | Orc:2    | Bought a scroll of enchant weapon for 112 gold pieces
 20981 | Orc:2    | Bought a scroll of identify for 30 gold pieces
 20981 | Orc:2    | Bought a scroll of identify for 30 gold pieces
 20996 | Orc:2    | Bought a potion of mutation for 112 gold pieces
 21135 | Orc:2    | Found a radiant altar of Vehumet.
 21434 | Orc:2    | Bought Ozocubu's Autobiography for 384 gold pieces
 21438 | Orc:2    | Learned a level 3 spell: Ozocubu's Armour
 21627 | D:8      | Bought a manual of Air Magic for 1040 gold pieces
 21902 | D:13     | Reached skill level 1 in Ice Magic
 22012 | D:13     | Identified the +2 ring mail "Xakuth" {Harm rN+}
 22111 | D:13     | Noticed Frances
 22124 | D:13     | Killed Frances
 22308 | D:13     | Reached skill level 10 in Short Blades
 22397 | D:13     | Found a runed translucent door.
 22934 | D:13     | Noticed a tengu reaver
 22935 | D:13     | Found a runed translucent door.
 22937 | D:13     | Noticed a frost giant
 23132 | D:8      | Bought a manual of Fighting for 1040 gold pieces
 23472 | D:14     | Found an opulent altar of Gozag.
 23492 | D:14     | Reached skill level 5 in Air Magic
 23780 | D:14     | Found a gate to the Vaults.
 23841 | D:14     | Offered knowledge of Lee's Rapid Deconstruction by Vehumet.
 23967 | D:14     | Gained mutation: You are surrounded by a moderate repulsion
                  | field. (EV +3) [demonic ancestry]
 23967 | D:14     | Reached XP level 16. HP: 93/118 MP: 18/32
 24239 | D:14     | Found Nuvustriw's General Store.
 24300 | D:15     | Entered Level 15 of the Dungeon
 24833 | D:15     | Found a runed translucent gate.
 24833 | D:15     | Found a runed translucent gate.
 24833 | D:15     | Noticed Nol Upoh's ghost (journeyman GrFi)
 24834 | D:15     | Found a runed translucent gate.
 24943 | D:15     | Found a basalt altar of Yredelemnul.
 24975 | D:15     | Found a staircase to the Depths.
 25077 | D:15     | Found an ancient bone altar of Kikubaaqudgha.
 25094 | D:15     | Learned a level 1 spell: Apportation
 25115 | D:15     | Found a transporter.
 25116 | D:15     | Found a transporter.
 25116 | D:15     | Noticed Cyetsa's ghost (adept FoFi)
 25434 | D:11     | Acquired 500 gold pieces
 25436 | D:11     | Acquired 718 gold pieces
 25438 | D:11     | Acquired a Necronomicon
 25440 | D:11     | Acquired 1155 gold pieces
 25688 | D:8      | Bought a manual of Armour for 1040 gold pieces
 25688 | D:8      | Upgraded the game from 0.30-a0-1124-g6e8f0f562f to
                  | 0.30-a0-1157-g2cc9ac7196
 25758 | Spider:1 | Entered Level 1 of the Spider Nest
 26089 | Spider:1 | Reached skill level 13 in Spellcasting
 26488 | Spider:1 | Reached ****** piety under Vehumet
 27343 | Spider:2 | Identified the +0 chain mail of the Ditch-Digger {*Corrode
                  | rF+ rC+ Int+2}
 27363 | Spider:2 | Found a runed translucent door.
 27369 | Spider:2 | Noticed Newt's ghost (adept DsGl)
 27378 | Spider:2 | Killed Newt's ghost
 27396 | Spider:2 | Got the Compendium of Electricity
 27398 | Spider:2 | Identified the ring "Xaoxat" {rF+ SInv}
 27431 | Spider:2 | Offered knowledge of Starburst by Vehumet.
 27432 | Spider:2 | Reached skill level 5 in Transmutations
 27457 | Spider:2 | Identified the +0 pair of boots "Ziuz" {*Corrode Int+5}
 28398 | D:13     | Killed a tengu reaver
 28491 | D:13     | Identified the +5 kite shield "Jinumn" {*Corrode Slay+6}
 28780 | Spider:2 | Reached XP level 17. HP: 126/127 MP: 34/34
 28910 | Spider:2 | Reached skill level 10 in Fighting
 29110 | Spider:3 | Reached skill level 5 in Ice Magic
 29561 | Spider:4 | Entered Level 4 of the Spider Nest
 29586 | Spider:4 | Offered knowledge of Fire Storm by Vehumet.
 29586 | Spider:4 | Offered knowledge of Shatter by Vehumet.
 29586 | Spider:4 | Offered knowledge of Polar Vortex by Vehumet.
 29724 | Spider:4 | Reached skill level 14 in Spellcasting
 30453 | Spider:3 | Reached skill level 5 in Poison Magic
 30630 | Spider:4 | Got a gossamer rune of Zot
 31043 | Shoals:1 | Entered Level 1 of the Shoals
 31112 | Shoals:1 | Identified the +9 trident "Wusel" {heavy, rF+ Int+4 Dex+2}
 31171 | Shoals:1 | Found a large runed translucent door.
 31171 | Shoals:1 | Found a large runed translucent door.
 31172 | Shoals:1 | Noticed Qobluxtent's ghost (adept GnDe)
 31191 | Shoals:1 | Killed Qobluxtent's ghost
 31194 | Shoals:1 | Got the Secrets of Jinxing and the Chill
 31207 | Shoals:1 | Learned a level 3 spell: Frozen Ramparts
 31211 | Shoals:1 | Learned a level 3 spell: Mephitic Cloud
 32478 | Shoals:2 | Gained mutation: You regenerate a lot of health from kills.
                  | [demonic ancestry]
 32478 | Shoals:2 | Reached XP level 18. HP: 138/138 MP: 29/36
 32740 | Shoals:2 | Reached skill level 10 in Armour
 33962 | Shoals:3 | Reached skill level 10 in Air Magic
 34123 | Shoals:4 | Entered Level 4 of the Shoals
 34523 | Shoals:4 | Identified the +8 ring mail of the Lost Interlopers {Drain
                  | rF+ Int+3}
 34624 | Shoals:4 | Reached skill level 15 in Spellcasting
 34977 | Shoals:4 | Learned a level 7 spell: Ozocubu's Refrigeration
 34992 | Shoals:4 | Got a barnacled rune of Zot
 35498 | Vaults:1 | Entered Level 1 of the Vaults
 36556 | Vaults:1 | Found Jafiwke's Antique Armour Emporium.
 36581 | Vaults:1 | Bought a smoking ring mail for 423 gold pieces
 36581 | Vaults:1 | Identified the +1 ring mail of Cynicism {rPois rN+} (You
                  | bought it in a shop on level 1 of the Vaults)
 37212 | Vaults:1 | Gained mutation: A meltable icy envelope protects you from
                  | harm. (AC +0) [demonic ancestry]
 37212 | Vaults:1 | Reached XP level 19. HP: 148/148 MP: 28/38
 37618 | Vaults:2 | You are sucked into a shaft and drop 2 floors!
 37730 | Vaults:4 | Noticed a dread lich
 37739 | Vaults:4 | Killed a dread lich
 38016 | Vaults:4 | Reached skill level 16 in Spellcasting
 38951 | Vaults:2 | Found Anlool's Weapon Boutique.
 38966 | Vaults:2 | Reached skill level 5 in Stealth
 39111 | Vaults:2 | HP: 2/151 [crystal guardian/crystal bolt[a peacekeeper]
                  | (46)]
 39552 | Vaults:2 | Reached XP level 20. HP: 159/159 MP: 38/40
 40208 | Vaults:2 | Found a staircase to the Crypt.
 40208 | Vaults:2 | Found a basalt altar of Yredelemnul.
 40209 | Vaults:2 | Found an ancient bone altar of Kikubaaqudgha.
 40748 | Vaults:3 | Reached skill level 17 in Spellcasting
 41101 | Vaults:3 | Found Xairing's Antique Armour Shoppe.
 41109 | Vaults:3 | Bought a pitted chain mail for 190 gold pieces
 41109 | Vaults:3 | Identified the +7 chain mail of Resourcefulness {+Blink
                  | Str+3 Dex+3} (You bought it in a shop on level 3 of the
                  | Vaults)
 41111 | Vaults:3 | Bought fine shadow dragon scales for 1700 gold pieces
 41111 | Vaults:3 | Identified the +0 shadow dragon scales of Uneryf {Will+
                  | Regen+ Stlth++++} (You bought it in a shop on level 3 of
                  | the Vaults)
 41458 | Vaults:3 | Learned a level 2 spell: Blink
 42018 | Vaults:4 | Identified the +2 leather armour of the Tormentor {Contam
                  | Harm Will+}
 42019 | Vaults:4 | Identified the +0 ring mail of Uskayaw's Envy {Will+++
                  | Str+2 Int-5 Dex+4}
 42097 | Vaults:5 | Entered Level 5 of the Vaults
 42354 | Elf:1    | Entered Level 1 of the Elven Halls
 42358 | Elf:1    | Reached skill level 15 in Fighting
 42614 | Elf:1    | Paralysed by an air elemental for 1 turns
 42619 | Elf:1    | Paralysed by an air elemental for 1 turns
 42806 | Elf:1    | Found Zumott's Magic Scroll Shop.
 42863 | Elf:1    | Bought a scroll of brand weapon for 161 gold pieces
 43034 | Elf:1    | Paralysed by an air elemental for 1 turns
 43424 | Elf:1    | Got the Vademecum on Profane Deeds
 43530 | Elf:1    | Gained mutation: Your presence sometimes corrodes those you
                  | injure. [demonic ancestry]
 43530 | Elf:1    | Reached XP level 21. HP: 161/168 MP: 42/42
 43784 | Elf:2    | Paralysed by an air elemental for 1 turns
 43790 | Elf:2    | Reached skill level 10 in Shields
 43826 | Elf:2    | Found Mumom's Antique Weapon Emporium.
 43847 | Elf:2    | Found a runed translucent door.
 43847 | Elf:2    | Noticed Ahpoh's ghost (adept GrGl)
 43889 | Elf:2    | Found a runed translucent gate.
 43889 | Elf:2    | Found a runed translucent gate.
 43889 | Elf:2    | Found a runed translucent gate.
 44881 | Elf:3    | Entered Level 3 of the Elven Halls
 44900 | Elf:3    | Noticed Zenata
 45170 | Elf:3    | Killed Zenata
 45306 | Elf:2    | Killed Ahpoh's ghost
 45321 | Elf:2    | Got the Excursus on Quicksand
 45541 | Elf:3    | Identified Roxanne's Handbook of Articulation
 45541 | Elf:3    | Noticed Roxanne
 45640 | Elf:3    | Reached skill level 18 in Spellcasting
 45816 | Elf:3    | Found Medyaq's Antique Weapon Shoppe.
 46144 | Elf:3    | Reached skill level 10 in Ice Magic
 46160 | Elf:3    | Identified the +0 long sword "Spider's Undoing" {freeze,
                  | rF+ Will+ Str+3}
 46395 | Elf:3    | Identified the ring of Ajympoyv {rElec rPois Str+6 Stlth-}
 46407 | Elf:3    | Identified the +9 war axe "Ubiq" {pain, MP+9 Int+3}
 46418 | Elf:3    | Identified the +2 scale mail of Dice, Bag, and Bottle {rF++
                  | Str+6 Slay-3}
 46431 | Elf:3    | Identified the amulet "Ixkein" {Spirit rPois Str-3 Dex+6
                  | Slay+5}
 46477 | Elf:3    | Identified the +2 mace of the Beginning {venom, +Blink
                  | rCorr MP+9}
 46650 | Elf:3    | Got Qaqorphua's Codex of the Union
 46667 | Elf:3    | Found the macabre finger necklace {Finger+ rN+}
 46687 | Elf:3    | Identified the staff of poison "Haidwa" {rPois rN+}
 46695 | Elf:3    | Identified the staff of air "Ruanle" {rElec Will++ Dex+3}
 47116 | Elf:3    | Killed Roxanne
 47379 | Orc:2    | Bought a manual of Long Blades for 1280 gold pieces
 47388 | Orc:2    | Learned a level 8 spell: Maxwell's Capacitive Coupling
 47393 | Orc:2    | Learned a level 4 spell: Summon Lightning Spire
 47547 | Depths:1 | Entered Level 1 of the Depths
 47644 | Depths:1 | Reached skill level 1 in Long Blades
 48102 | Depths:1 | Found a one-way gate to the infinite horrors of the Abyss.
 48158 | Depths:1 | Found a gateway to Hell.
 48307 | Depths:1 | Reached XP level 22. HP: 170/177 MP: 39/44
 48323 | Depths:1 | Found a one-way gate leading to the halls of Pandemonium.
 49141 | Depths:2 | Noticed a caustic shrike
 49147 | Depths:2 | Noticed a caustic shrike
 49150 | Depths:2 | Killed a caustic shrike
 49160 | Depths:2 | Killed a caustic shrike
 49419 | Depths:2 | Found a broken altar of Ashenzari.
 50225 | Depths:2 | Reached skill level 19 in Spellcasting
 50365 | Depths:3 | Reached skill level 5 in Long Blades
 51842 | Depths:3 | Found a bloodstained altar of Trog.
 51845 | Depths:3 | Gained mutation: Your presence sometimes corrodes or
                  | deforms those you injure. [demonic ancestry]
 51845 | Depths:3 | Reached XP level 23. HP: 183/183 MP: 46/46
 52311 | Depths:4 | Entered Level 4 of the Depths
 52468 | Depths:4 | Found a hide-covered altar of Uskayaw.
 52598 | Depths:4 | Found a gate to the Realm of Zot.
 52828 | Depths:4 | Found a one-way gateway to a ziggurat.
 53076 | Depths:4 | Identified the +2 sling of Cengih {heavy, rPois Dex+3}
 53213 | Depths:4 | Reached skill level 20 in Spellcasting
 53903 | Slime:1  | Entered Level 1 of the Pits of Slime
 54067 | D:9      | Killed retardedninja's ghost
 54346 | D:15     | Killed Nol Upoh's ghost
 54486 | D:15     | Killed Cyetsa's ghost
 55008 | D:8      | Bought a manual of Throwing for 1040 gold pieces
 55296 | Crypt:1  | Entered Level 1 of the Crypt
 58166 | Crypt:3  | Entered Level 3 of the Crypt
 58268 | Crypt:3  | Found a staircase to the Tomb.
 58608 | Crypt:3  | Reached skill level 5 in Throwing
 58717 | Crypt:3  | Reached skill level 15 in Air Magic
 59264 | Crypt:3  | Gained mutation: You are surrounded by a strong repulsion
                  | field. (EV +4, RMsl) [demonic ancestry]
 59264 | Crypt:3  | Reached XP level 24. HP: 191/191 MP: 47/47
 59412 | Crypt:3  | Paralysed by a vampire knight for 5 turns
 59461 | Crypt:3  | Found an ancient bone altar of Kikubaaqudgha.
 59603 | Crypt:3  | Reached skill level 10 in Long Blades
 59859 | Crypt:3  | Noticed Jory
 59901 | Crypt:3  | Killed Jory
 59930 | Crypt:3  | Identified the amulet "Ycigakh" {Acrobat rC++ Will+ Int+3}
 59938 | Crypt:3  | Learned a level 4 spell: Olgreb's Toxic Radiance
 59940 | Crypt:3  | Identified the ring of Sif Muna's Esteem {rN+ MP+9 Dex+2}
 59940 | Crypt:3  | Identified the amulet "Attagry" {Regen+ Int+3}
 60017 | Crypt:3  | Identified the +4 scale mail "Ucecwucef" {Contam rElec
                  | rPois Dex+6}
 60036 | Crypt:3  | Identified the +0 leather armour "Xuut Jau" {rElec rC-
                  | Regen+ Slay+2}
 60036 | Crypt:3  | Identified the ring of Zuebait {+Blink rN+ MP+9}
 60114 | Crypt:3  | Reached skill level 10 in Dodging
 60354 | Crypt:3  | Found a runed translucent gate.
 60355 | Crypt:3  | Found a runed translucent gate.
 60356 | Crypt:3  | Found a runed translucent gate.
 60357 | Crypt:3  | Noticed Hali's ghost (veteran FoFi)
 60376 | Crypt:3  | Killed Hali's ghost
 60405 | Crypt:3  | Identified the ring of Knowledge {rPois MP+9}
 61212 | Slime:1  | Reached skill level 21 in Spellcasting
 62124 | Slime:3  | Noticed Dissolution
 62175 | Slime:2  | Killed Dissolution
 62416 | Slime:3  | Paralysed by a floating eye for 3 turns
 62421 | Slime:3  | Paralysed by a floating eye for 2 turns
 63439 | Slime:5  | Entered Level 5 of the Pits of Slime
 63951 | Slime:4  | Reached skill level 15 in Ice Magic
 64246 | Slime:5  | Noticed the Royal Jelly
 64309 | Slime:5  | Killed the Royal Jelly
 65177 | Slime:5  | Gained mutation: You can speak a Word of Chaos. [demonic
                  | ancestry]
 65177 | Slime:5  | Reached XP level 25. HP: 197/197 MP: 48/48
 65202 | Slime:5  | Identified the +6 scimitar "Transmigrator" {elec, MP+9
                  | Int+3}
 65229 | Slime:5  | Got a slimy rune of Zot
 65234 | Slime:5  | Identified the +0 chain mail "Ceimm" {rC+ Int+5 Stlth+}
 65237 | Slime:5  | Identified the staff of fire "Egiacut" {rF+ rC- Str+6
                  | Dex+4}
 65282 | Slime:5  | Identified the staff of conjuration "Foborule" {Str+3}
 65316 | Slime:5  | Identified the +9 halberd of Woe {holy, Int+5 Dex+3}
 66088 | Vaults:5 | Reached skill level 1 in Earth Magic
 66120 | Vaults:5 | Noticed an ancient lich
 66147 | Vaults:4 | Killed an ancient lich
 66170 | Vaults:5 | Identified the ring "Jeokhleru" {*Corrode rN+ Str+6 Int+6}
 66781 | Vaults:5 | Found Washram's Distillery.
 66787 | Vaults:5 | Found Gietealefi's Distillery.
 66819 | Vaults:5 | Found Guxekule's Distillery.
 66915 | Vaults:5 | Reached skill level 22 in Spellcasting
 66961 | Vaults:5 | Got a silver rune of Zot
 67345 | Vaults:5 | Identified the +4 rapier of Freehold {speed, rF+ rC+ Int+2
                  | Dex+4}
 67622 | Vaults:5 | Identified the +9 chain mail of Lugonu's Whim {Int+4}
 68226 | D:12     | You paid a toll of +3 storm dragon scales to enter a
                  | treasure trove
 68227 | Trove    | Entered a treasure trove
 68232 | Trove    | Identified the +7 short sword of War {freeze, rN+++ Int-4
                  | SInv}
 68241 | Trove    | Identified the +2 trident of Wohiol {heavy, rElec MP-9
                  | Str+4 SInv}
 68401 | Elf:1    | Bought a scroll of acquirement for 884 gold pieces
 68401 | Elf:1    | Acquired 851 gold pieces
 68403 | Elf:1    | Upgraded the game from 0.30-a0-1157-g2cc9ac7196 to
                  | 0.30-a0-1160-g6e42c06551
 68671 | Zot:1    | Entered Level 1 of the Realm of Zot
 68696 | Depths:4 | Learned a level 3 spell: Vhi's Electric Charge
 70702 | Zot:1    | Reached skill level 5 in Earth Magic
 71565 | Zot:2    | Reached XP level 26. HP: 206/206 MP: 44/49
 71595 | Zot:2    | Learned a level 6 spell: Statue Form
 71672 | Zot:2    | HP: 8/206 [golden dragon/bolt of cold (36)]
 72958 | Zot:2    | Identified the +10 falchion of Gifop {venom, rPois Str+3
                  | Dex+2}
 73833 | Zot:2    | Reached skill level 1 in Translocations
 75115 | Zot:2    | Identified the +0 halberd "Killer Klown's Death" {protect,
                  | rC++ Int+5}
 75438 | Zot:3    | Noticed an orb of fire
 75440 | Zot:3    | Gained mutation: Armour fits poorly on your strangely
                  | shaped body. [an orb of fire]
 75444 | Zot:3    | You fall into a shaft and drop 1 floor!
 75477 | Zot:4    | Noticed an orb of fire
 75484 | Zot:4    | Gained mutation: Your magical capacity is low. (-10% MP)
                  | [an orb of fire]
 76244 | Crypt:1  | Lost mutation: Your magical capacity is low. (-10% MP)
                  | [potion of mutation]
 76244 | Crypt:1  | Lost mutation: Armour fits poorly on your strangely shaped
                  | body. [potion of mutation]
 76244 | Crypt:1  | Gained mutation: You have a pair of small horns on your
                  | head. [potion of mutation]
 76244 | Crypt:1  | Gained mutation: Your mind is acute. (Int +4, Str/Dex -1)
                  | [potion of mutation]
 76607 | D:7      | Bought jewelled gold dragon scales for 2125 gold pieces
 76607 | D:7      | Identified the +12 gold dragon scales of Impatience {Fly
                  | rPois rF+ rC+ Will- Dex+2} (You bought it in a shop on
                  | level 7 of the Dungeon)
 77544 | Hell     | Entered the Vestibule of Hell
 77544 | Hell     | Noticed Geryon
 77571 | Hell     | Killed Geryon
 77937 | Depths:1 | Gained mutation: You are frail. (-10% HP) [a cacodemon]
 77945 | Depths:1 | Reached skill level 10 in Conjurations
 78208 | Vaults:5 | Lost mutation: You have a pair of small horns on your head.
                  | [potion of mutation]
 78208 | Vaults:5 | Lost mutation: You are frail. (-10% HP) [potion of
                  | mutation]
 78208 | Vaults:5 | Gained mutation: You are vulnerable to heat. (rF-) [potion
                  | of mutation]
 78208 | Vaults:5 | Gained mutation: You have supernaturally acute eyesight.
                  | (SInv) [potion of mutation]
 78507 | Crypt:3  | Lost mutation: You have supernaturally acute eyesight.
                  | (SInv) [potion of mutation]
 78507 | Crypt:3  | Lost mutation: Your mind is acute. (Int +4, Str/Dex -1)
                  | [potion of mutation]
 78507 | Crypt:3  | Lost mutation: You are vulnerable to heat. (rF-) [potion of
                  | mutation]
 78507 | Crypt:3  | Gained mutation: You are dopey. (Int -2) [potion of
                  | mutation]
 78507 | Crypt:3  | Gained mutation: You are covered in fur. (AC +1) [potion of
                  | mutation]
 78507 | Crypt:3  | Gained mutation: You occasionally shout uncontrollably at
                  | your foes. [potion of mutation]
 78507 | Crypt:3  | Gained mutation: You are agile. (Dex +4, Str/Int -1)
                  | [potion of mutation]
 78887 | Depths:1 | Reached skill level 23 in Spellcasting
 79261 | Hell     | Found a gateway to the ashen valley of Gehenna.
 79430 | Hell     | Found a gateway to the decaying netherworld of Tartarus.
 79553 | Hell     | Found a gateway to the Iron City of Dis.
 79747 | Hell     | Found a gateway to the freezing wastes of Cocytus.
 81168 | Zot:3    | Noticed Grunn
 81179 | Zot:3    | HP: 8/172 [torment (5)]
 81183 | Abyss:3  | Cast into level 3 of the Abyss (reaper)
 81403 | Abyss:3  | Reached skill level 10 in Poison Magic
 81721 | Abyss:4  | Gained mutation: A meltable icy envelope protects you from
                  | harm. (AC +0) [demonic ancestry]
 81721 | Abyss:4  | Reached XP level 27. HP: 202/202 MP: 25/50
 81746 | Abyss:4  | Paralysed by accursed screaming for 1 turns
 81813 | Zot:3    | Escaped the Abyss
 81855 | Zot:3    | Killed Grunn
 82243 | D:14     | Bought a potion of magic for 96 gold pieces
 82856 | Vaults:5 | Bought a potion of magic for 112 gold pieces
 83606 | Zot:3    | Killed an orb of fire
 84332 | Zot:4    | Killed from afar by an orb of fire

Illustrated notes

Levels and vault maps discovered:
D:1:      matt_arrival_refuge, layout_loops_ring, minmay_statues_item,
          chequers_serial_rivers_micro_c
D:2:      layout_loops_cross, uniq_terence
D:3:      layout_loops_cross
D:4:      layout_loops_ring, tso_metal_star, uniq_edmund
D:5:      layout_loops_ring, grunt_temple_overflow_open, uniq_blork_the_orc,
          uniq_pikel
D:6:      layout_cave_pools, nicolae_ossuary_entry_catacombs
D:7:      layout_loops_ring, temple_fountains, serial_shops, shop, kb_rosetta,
          uniq_joseph
D:8:      minmay_klotski, layout_rooms, dpeg_lair_monsters,
          nicolae_shop_self_help
D:9:      layout_rooms, gammafunk_ghost_ooze
D:10:     hangedman_cross_cluster, layout_gridville, kennysheep_orc_sif_temple,
          nzn_hepliaklqana_mist_gate, enter_bailey_4, nzn_sisyphean_effort,
          uniq_maurice, uniq_sonja
D:11:     layout_basic, kennysheep_orc_monster_closet_entryway,
          nicolae_straight_to_the_point
D:12:     layout_roguey [special_room_bee], serial_glass, glass_columns_a,
          glass_columns_a, feat_on_display, feat_on_display, enter_trove_3,
          hellmonk_guarded_unrand_seven_league_boots
D:13:     minmay_gate_of_8, layout_basic, minivault_13, uniq_frances
D:14:     layout_loops_ring, erik_vaults_2, serial_shops, shop,
          grunt_gozag_statues
D:15:     hangedman_depths_entry_try_elsewhere_first, layout_basic,
          kiku_gazebo_pond_becter, gammafunk_ghost_arena, serial_bayou_pond_d,
          nicolae_yredelemnul_ghost_church
Lair:1:   layout_gridlike, basic_altar, special_room, infiniplex_staircase_pool,
          grunt_megastairs_5, serial_bayou_shore_b, uniq_maggie, uniq_amaemon
Lair:2:   layout_hall_layers, minmay_shoals_entry_beasts, spider_nest_entry_a,
          beast_lair_carwin_8
Lair:3:   beast_lair_carwin_large_1, layout_chaotic_city, hangedman_tree_tricks
Lair:4:   layout_loops_ring
Lair:5:   due_jungle_book, layout_long_grid, slime_entry_1,
          ebering_ghost_disaster_area
Shoals:1: layout_shoals, ebering_ghost_disaster_area
Shoals:2: layout_shoals
Shoals:3: layout_shoals, nicolae_shoals_drake_roost
Shoals:4: shoals_end_grunt_garden, layout_shoals
Spider:1: layout_spider_delve, hellmonk_deceptive_appearances
Spider:2: nicolae_spider_hilbert_zone_4 [nicolae_spider_hilbert_4_sides_2_open,
          nicolae_spider_hilbert_4_sides_1_open,
          nicolae_spider_hilbert_4_sides_1_open,
          nicolae_spider_hilbert_4_sides_1_open,
          nicolae_spider_hilbert_4_sides_1_open,
          nicolae_spider_hilbert_2_sides_1_open,
          nicolae_spider_hilbert_2_sides_1_open,
          nicolae_spider_hilbert_2_sides_1_open,
          nicolae_spider_hilbert_2_sides_1_open,
          nicolae_spider_hilbert_6_sides_1_open,
          nicolae_spider_hilbert_6_sides_1_open,
          nicolae_spider_hilbert_3_sides_1_open,
          nicolae_spider_hilbert_3_sides_1_open], ebering_ghost_reflecting_pool
Spider:3: layout_spider_delve
Spider:4: grunt_spider_rune_circles
Slime:1:  layout_caves
Slime:2:  layout_caves
Slime:3:  layout_caves, dissolution_awaits
Slime:4:  layout_caves
Slime:5
Orc:1:    layout_diamond_mine
Orc:2:    st_orc_open, layout_caves, basic_altar
Elf:1:    eino_elf_arrival_sip, layout_onion_city, serial_shops, shop,
          minmay_elf_necromancy
Elf:2:    elven_hall_of_blades_hangedman_original [grunt_blade_entry_basic],
          layout_geoelf_octagon, serial_shops, shop, hellmonk_ghost_big_iron
Elf:3:    minmay_elf_hall_quartered_circle, layout_loops_cross, serial_shops,
          shop, uniq_zenata, uniq_roxanne
Vaults:1: nicolae_vaults_diamond_2, vaults_room_fours,
          hangedman_vaults_river_flow, grunt_vaults_diagonal,
          nicolae_vaults_weapon_check, nicolae_vaults_little_squares_3,
          ontoclasm_vaults_claustrophobia, vaults_dpeg_encased_lava,
          layout_vaults_omnigrid, serial_shops, nicolae_shop_tiny_statue_garden
Vaults:2: v_misc_15, v_misc_2, v_misc_9, nicolae_vaults_swerve,
          vaults_dpeg_doors, nicolae_vaults_circle_grid_b,
          nicolae_vaults_oval_intersection, vaults_room_pools,
          grunt_vaults_hallway_short, nicolae_vaults_trapezoid_lopsided_3,
          dpeg_vaults_waves, nicolae_vaults_taking_the_gang_shopping,
          nicolae_vaults_border_crossing, nicolae_vaults_hexular_roomagon,
          minmay_crypt_entry_necro_gods, nicolae_vaults_trapezoid_2,
          nicolae_vaults_little_ls, layout_vaults_omnibox
Vaults:3: v_misc_26, hangedman_vaults_pinch, vaults_room_stairs_pillars,
          nicolae_vaults_tetromino_T_2, v_misc_23,
          nicolae_vaults_storage_closets_2, vaults_dpeg_ring,
          hangedman_vaults_stretched_pinwheel,
          nicolae_vaults_diagonal_hallway_9, v_misc_14, layout_vaults_big_room,
          serial_shops, nicolae_shop_overgrown_old_shop
Vaults:4: dpeg_vaults_monster_box, v_misc_4, grunt_vaults_hallway_short,
          nicolae_vaults_closet_pinwheel_3, nicolae_vaults_storage_closets_1,
          nicolae_vaults_storing_the_good_stuff,
          nicolae_vaults_network_quinsquares
          [nicolae_vaults_network_quincunx_subvault,
          nicolae_vaults_network_quincunx_subvault,
          nicolae_vaults_network_quincunx_subvault,
          nicolae_vaults_network_quincunx_subvault], v_misc_18,
          nicolae_vaults_trapezoid_layered, nicolae_vaults_variable_pillar_hall,
          layout_vaults_ring
Vaults:5
Crypt:1:  layout_catacombs
Crypt:2:  layout_rooms
Crypt:3:  church_of_pain_bobbens, layout_chaotic_city,
          tomb_entry_simple_bobbens, gammafunk_ghost_spectres,
          weyrava_ghost_lake
Depths:1: layout_gridlike, chequers_serial_rivers_marsh, hell_entry,
          abyss_entry, grunt_pan_entry_zigzag, serial_bayou_lagoon_a,
          minmay_fractal_squares_diagonal_5, serial_bayou_shore_b
Depths:2: minmay_octo_star, layout_cave_pools, rand_demon_pan_entry_8,
          cheibrodos_ashenzari_chains, hangedman_coc_ice_floe
Depths:3: nzn_winding_woodlands_three_and_one [nzn_winding_woodlands_5x15_eye,
          nzn_winding_woodlands_5x15_pockets,
          nzn_winding_woodlands_5x15_split_checker,
          nzn_winding_woodlands_center_garden], layout_cave_pools,
          pf_dread_powers_of_hell, abyss_entry, nrook_loot_triangle,
          nrook_campfire, serial_sigils_hangedman_etch, kennysheep_doodads,
          tgw_trog
Depths:4: grunt_x_marks_the_spot, layout_twisted_cross, enter_ziggurat_b,
          nicolae_uskayaw_dance_hall, pan_entry, grunt_metal_band
Hell
Zot:1:    layout_concentric_octagons, nicolae_lava_and_water
Zot:2:    gammafunk_mikee_crab_dinner, layout_basic, st_single_dragon_hoard_2
Zot:3:    layout_gridlike, grunt_ministairs_8, uniq_grunn
Zot:4:    layout_misc_corridors, hangedman_elemental_grid_stream

Skill      XL: |  1  2  3  4  5  6  7  8  9 10 11 12 13 14 15 16 17 18 19 20 21 22 23 24 25 26 |
---------------+-------------------------------------------------------------------------------+-----
Stealth        | 2 3 4 5 |  5.5
Armour         | 1 2 3 4 5 7 9 11 12 13 14 | 14.5
Fighting       | 1 2 3 4 5 6 7 8 9 11 12 14 15 16 | 16.9
Dodging        | 2 3 4 5 6 7 8 9 10 11 | 11.2
Necromancy     | 5 6 8 9 11 12 13 | 13.7
Conjurations   | 1 2 3 4 5 6 7 8 9 10 | 10.0
Shields        | 1 2 3 5 6 7 8 9 10 11 12 13 | 13.5
Short Blades   | 1 3 5 6 7 8 9 10 11 12 | 12.5
Spellcasting   | 3 4 5 7 9 10 11 12 13 14 15 16 17 18 19 20 21 22 23 | 23.6
Fire Magic     | 1 2 3 4 6 7 8 9 |  9.6
Throwing       | 1 2 3 5 8 |  8.7
Poison Magic   | 1 2 3 4 5 6 7 8 9 10 | 10.0
Air Magic      | 1 2 3 5 7 9 11 12 13 14 15 | 15.7
Transmutations | 1 3 5 6 7 8 |  8.7
Ice Magic      | 3 4 6 7 8 9 10 12 13 15 | 15.7
Long Blades    | 2 7 9 11 12 13 | 13.3
Earth Magic    | 5 8 |  8.5
Translocations | 3 |  3.3
Summonings     | |  0.2

Action                     |  1- 3 |  4- 6 |  7- 9 | 10-12 | 13-15 | 16-18 | 19-21 | 22-24 | 25-27 || total
---------------------------+-------+-------+-------+-------+-------+-------+-------+-------+-------++-------
  Melee: Dagger            |   114 |   135 |    46 |     2 |     2 |       |       |       |       ||   299
         Unarmed           |     8 |       |       |       |       |       |       |       |    11 ||    19
         Club              |     2 |       |       |       |       |       |       |       |       ||     2
         Punch             |     1 |       |       |       |       |       |       |       |       ||     1
         Tailslap          |       |    16 |    46 |   109 |   307 |   305 |   263 |   596 |   366 ||  2008
         Rapier            |       |       |   289 |   553 |  1507 |  1240 |   995 |  1902 |   126 ||  6612
         Scimitar          |       |       |       |       |       |       |       |       |   410 ||   410
         Falchion          |       |       |       |       |       |       |       |       |   664 ||   664
         Headbutt          |       |       |       |       |       |       |       |       |    19 ||    19
  Throw: Dart              |    17 |     4 |    16 |    28 |    24 |       |       |     8 |       ||    97
         Boomerang         |       |       |    10 |    17 |     9 |     9 |    15 |    75 |    39 ||   174
         Throwing net      |       |       |     1 |       |       |       |       |       |       ||     1
         Javelin           |       |       |       |       |     7 |     1 |       |       |       ||     8
   Cast: Vampiric Draining |     2 |    13 |    11 |    33 |    41 |    17 |     3 |    47 |    23 ||   190
         Sticky Flame      |       |       |     3 |    64 |   188 |   160 |   113 |   236 |    71 ||   835
         Poisonous Vapours |       |       |     2 |    31 |    80 |   375 |   290 |    99 |    77 ||   954
         Ignite Poison     |       |       |       |     3 |    34 |   157 |   158 |    70 |    71 ||   493
         Dispel Undead     |       |       |       |       |    18 |    10 |    12 |   185 |    36 ||   261
         Airstrike         |       |       |       |       |     3 |     7 |       |    13 |     5 ||    28
         Irradiate         |       |       |       |       |     7 |    39 |    41 |    59 |    68 ||   214
         Ozocubu's Armour  |       |       |       |       |     3 |    92 |    66 |   147 |    59 ||   367
         Mephitic Cloud    |       |       |       |       |       |     7 |    32 |    14 |     7 ||    60
         Frozen Ramparts   |       |       |       |       |       |     3 |    49 |    40 |    39 ||   131
         Ozocubu's Refrige |       |       |       |       |       |     2 |    18 |    52 |    25 ||    97
         Summon Lightning  |       |       |       |       |       |       |       |     5 |     1 ||     6
         Maxwell's Capacit |       |       |       |       |       |       |       |     2 |       ||     2
         Blink             |       |       |       |       |       |       |       |     8 |    18 ||    26
         Olgreb's Toxic Ra |       |       |       |       |       |       |       |     9 |    25 ||    34
         Vhi's Electric Ch |       |       |       |       |       |       |       |       |     2 ||     2
         Statue Form       |       |       |       |       |       |       |       |       |     8 ||     8
         Apportation       |       |       |       |       |       |       |       |       |     3 ||     3
  Evoke: Wand              |       |       |       |       |       |     1 |       |       |     1 ||     2
    Use: Potion            |       |     2 |       |       |     4 |     7 |     8 |     2 |    21 ||    44
         Scroll            |       |       |     1 |       |    27 |     9 |     3 |     6 |    28 ||    74
   Stab: Sleeping          |     2 |     7 |    12 |     5 |    10 |     2 |     1 |    11 |     1 ||    51
         Distracted        |       |       |       |       |     3 |       |       |     3 |       ||     6
         Confused          |       |       |       |       |       |     3 |    10 |     2 |     1 ||    16
 Armour: Leather armour    |    20 |    24 |    72 |       |       |       |       |       |       ||   116
         Troll leather arm |       |       |     4 |   238 |   536 |   999 |       |       |       ||  1777
         Ring mail         |       |       |       |       |       |   129 |   653 |  1307 |   645 ||  2734
         Chain mail        |       |       |       |       |       |       |       |       |   517 ||   517
         Skin              |       |       |       |       |       |       |       |       |   136 ||   136
         Gold dragon scale |       |       |       |       |       |       |       |       |    65 ||    65
  Dodge: Dodged            |    48 |    42 |   112 |   355 |   854 |  1432 |   573 |  1154 |  1061 ||  5631
         Repelled          |       |       |       |       |       |       |       |    22 |    43 ||    65
  Block: Other             |     4 |       |       |       |       |       |       |       |       ||     4
         Buckler           |    19 |    51 |    89 |   290 |   790 |  1089 |   208 |       |       ||  2536
         Kite shield       |       |       |       |       |       |       |   500 |  1795 |  1382 ||  3677

Table legend: (Time is in decaauts)
 A = Elapsed time spent in this place.
 B = Non-inter-level travel time spent in this place.
 C = Inter-level travel time spent in this place.
 D = Time resting spent in this place.
 E = Time spent auto-exploring this place.
 F = Levels seen in this place.
 G = Mean time per level.
                   A        B        C        D        E       F      G
               +--------+--------+--------+--------+--------+-----+--------+
         Total |  83067 |  70371 |  12696 |  18958 |  22168 |  60 | 1384.4 |
       Dungeon |  19961 |  14733 |   5228 |   1930 |   5264 |  15 | 1330.7 |
          Lair |   8834 |   7601 |   1233 |   1560 |   2633 |   5 | 1766.8 |
        Shoals |   3967 |   3830 |    137 |    612 |   1699 |   4 |  991.8 |
   Spider Nest |   4623 |   4200 |    423 |   1002 |    768 |   4 | 1155.8 |
    Slime Pits |   4515 |   4345 |    170 |   1728 |   1357 |   5 |  903.0 |
  Orcish Mines |   1550 |   1117 |    433 |     96 |    362 |   2 |  775.0 |
   Elven Halls |   5254 |   4709 |    545 |   1205 |   1423 |   3 | 1751.3 |
        Vaults |  10164 |   7909 |   2255 |   2059 |   2905 |   5 | 2032.8 |
         Crypt |   5288 |   4455 |    833 |    894 |   1795 |   3 | 1762.7 |
        Depths |   7378 |   6414 |    964 |   2379 |   1752 |   4 | 1844.5 |
          Hell |    750 |    728 |     22 |    103 |    276 |   1 |  750.0 |
           Zot |   9230 |   8782 |    448 |   4839 |   1854 |   4 | 2307.5 |
         Abyss |    600 |    600 |      0 |    213 |     47 |   2 |  300.0 |
         Trove |     26 |     26 |      0 |      0 |      0 |   1 |   26.0 |
       Ossuary |    274 |    274 |      0 |      0 |      0 |   1 |  274.0 |
        Bailey |    645 |    645 |      0 |    334 |     33 |   1 |  645.0 |
               +--------+--------+--------+--------+--------+-----+--------+

Top non-repeatable levels by time:
   Zot:1: 4138 daAuts
   Zot:2: 3405 daAuts
  Lair:5: 3255 daAuts
Vaults:1: 2611 daAuts
 Crypt:3: 2446 daAuts
Vaults:2: 2433 daAuts
Depths:1: 2246 daAuts
    D:10: 2228 daAuts
 Crypt:1: 2174 daAuts
Vaults:4: 2079 daAuts
   Elf:3: 2033 daAuts
Depths:2: 2024 daAuts
    D:13: 1989 daAuts
Depths:3: 1945 daAuts
    D:14: 1929 daAuts
